AoeStats
← Dr. F

Arena

509176881Analyzed
1v1 RM · 6d ago on Sep 25, 2026· 44m 54s· 2 players
Game mode
Random Map
Map size
Tiny (2 player)
Population
200
Speed
Normal
Resources
Standard
Victory
Conquest
Starting age
Dark Age
Ending age
Imperial Age
RankedLock teamsTeams togetherTeam positionsShared explorationLock speedFull tech treeHidden civsTurbo modeCheats
Victory
Defeat
🇺🇸 Turks · United States
509
+17
🇺🇸 Vikings · United States
532
-17
About95babys
13:27 Feudal Age
20:19 Castle Age
18:49 Double-Bit Axe
19:00 Gold Mining
18:56 Horse Collar
19:31 Padded Archer Armor
20:40 Wheelbarrow
29:43 Imperial Age
28:25 Leather Archer Armor
29:43 Elite Janissary
30:47 Conscription
31:26 Ring Archer Armor
Dr. F
4:47 Loom
11:38 Feudal Age
12:17 Horse Collar
15:21 Double-Bit Axe
16:32 Loom
19:25 Scale Mail Armor
19:39 Forging
21:39 Padded Archer Armor
23:51 Castle Age
22:32 Fletching
25:02 Pikeman
26:18 Scale Barding Armor
26:46 Heavy Plow
27:13 Squires
27:22 Man-at-Arms
28:41 Arson
30:04 Elite Skirmisher
30:42 Bodkin Arrow
31:41 Light Cavalry
34:42 Chain Mail Armor
37:33 Bow Saw
37:40 Long Swordsman
41:16 Imperial Age
38:47 Gold Mining
40:30 Iron Casting
39:28 Crossbowman
42:02 Leather Archer Armor
43:15 Bracer
44:10 Crop Rotation
Connection lost

Rejoining the realm…

Still unreachable

The connection could not be restored.

Session expired

The server has moved on; the page needs a fresh start.